 Dungeon Crawl Stone Soup version 0.23.2-1-ga50397a (webtiles) character file.

Game seed: 196525623700540

190 MalarOregon the Ruffian (level 5, -4/40 (41) HPs)
             Began as a Ghoul Gladiator on May 29, 2019.
             Slain by a two-headed ogre
             ... wielding a +0 giant club
              (23 damage)
             ... on level 4 of the Dungeon.
             The game lasted 00:03:13 (2080 turns).

MalarOregon the Ruffian (Ghoul Gladiator)           Turns: 2080, Time: 00:03:14

HP:   -4/40 (41)    AC: 11    Str: 19    XL:     5   Next: 69%
MP:   4/4           EV: 13    Int:  3    God:
Gold: 71            SH:  0    Dex: 15    Spells: 4/4 levels left

rFire    + . .     SeeInvis .     - Unarmed
rCold    + . .     Gourm    .   (no shield)
rNeg     + + +     Faith    .   d - +2 chain mail {rF+}
rPois    ∞         Spirit   .   b - +0 helmet
rElec    .         Reflect  .   (no cloak)
rCorr    .         Harm     .   (no gloves)
MR       .....                  (no boots)
Stlth    ..........             (no amulet)
HPRegen  0.00/turn              (no ring)
MPRegen  0.09/turn              (no ring)

@: agile, rotting
A: rotting body, claws 1, carnivore, cold resistance 1, negative energy
resistance 3, inhibited regeneration, torment resistance, unbreathing
a: no special abilities


You were on level 4 of the Dungeon.
You were not hungry.

You visited 1 branch of the dungeon, and saw 4 of its levels.

You collected 71 gold pieces.

Inventory:

Missiles
 o - 14 poisoned needles
Armour
 b - a +0 helmet (worn)
 d - a +2 chain mail of fire resistance (worn)
   (You took it off an orc on level 3 of the Dungeon)
Wands
 c - a wand of disintegration (20)
   (You found it on level 3 of the Dungeon)
Scrolls
 f - a scroll of magic mapping {unknown}
 g - 2 scrolls of identify {unknown}
 k - a scroll of enchant armour {unknown}
 l - 3 scrolls of teleportation {unknown}
 m - 3 scrolls of fear {unknown}
 n - 2 scrolls of noise {unknown}
 r - a scroll of fog {unknown}
 s - 2 scrolls of immolation {unknown}
Potions
 h - a potion of degeneration {unknown}
 i - a potion of ambrosia {unknown}
 j - a potion of heal wounds {unknown}
 p - a potion of agility
 t - a potion of curing {unknown}
Comestibles
 e - 4 rations {!d}


   Skills:
 - Level 2.1 Fighting
 - Level 1.7 Throwing
 - Level 2.6 Dodging
 + Level 6.8 Unarmed Combat


You had 4 spell levels left.
You didn't know any spells.
Your spell library was empty.

Dungeon Overview and Level Annotations

Branches:
Dungeon (4/15)
 Temple: D:4-7

Altars:
Cheibriados


Innate Abilities, Weirdness & Mutations

Your body is rotting away.
You thrive on raw meat.
You are immune to poison.
You have sharp fingernails.
You are carnivorous and can eat meat at any time.
Your flesh is cold resistant. (rC+)
You are immune to negative energy. (rN+++)
You do not regenerate when monsters are visible.
You are immune to unholy pain and torment.
You can survive without breathing.


Message History

There is a stone staircase leading down here.
You climb downwards.
A two-headed ogre comes into view.
It is wielding a +0 giant club and a +0 giant spiked club.
The two-headed ogre shouts in stereo!
Found a scroll labeled QALEUB ZUIPAI.
There is a stone staircase leading up here.
Throwing (i - inventory)
q - 3 throwing nets (quivered)
{!f}
Aim: a two-headed ogre, wielding a +0 giant club and a +0 giant spiked club Really fire
q - 3 throwing nets {!f}?
You throw a throwing net {!f}.
The throwing net {!f} closely misses the two-headed ogre.
The two-headed ogre barely misses you.
The two-headed ogre hits you with a +0 giant spiked club!
Drop what? 19/52 slots (_ for help) (? for menu, Esc to quit)
Okay, then.
Unknown command.
Throwing (i - inventory)
q - 2 throwing nets (quivered)
{!f}
Aim: a two-headed ogre, wielding a +0 giant club and a +0 giant spiked club Really fire
q - 2 throwing nets {!f}?
You throw a throwing net {!f}.
The throwing net {!f} hits the two-headed ogre.
The two-headed ogre is caught in the net!
You scratch the two-headed ogre.
The two-headed ogre struggles against the net.
You scratch the two-headed ogre. You claw the two-headed ogre.
The two-headed ogre struggles against the net.
You scratch the two-headed ogre.
The two-headed ogre struggles against the net.
Your chain mail prevents you from hitting the two-headed ogre.
The two-headed ogre struggles against the net.
You scratch the two-headed ogre.
The two-headed ogre struggles against the net.
The net rips apart, and the two-headed ogre comes free!
You claw the two-headed ogre!
Throwing (i - inventory)
q - a throwing net (quivered)
{!f}
Aim: a two-headed ogre, wielding a +0 giant club and a +0 giant spiked club (moderately wounded) Really fire
q - a throwing net {!f}?
You throw a throwing net {!f}.
The throwing net {!f} barely misses the two-headed ogre.
The two-headed ogre closely misses you.
The two-headed ogre hits you with a +0 giant spiked club.
You scratch the two-headed ogre. The two-headed ogre barely misses you.
The two-headed ogre hits you with a +0 giant spiked club.
* * * LOW HITPOINT WARNING * * *
It was a potion of agility.
You feel agile all of a sudden.
You claw the two-headed ogre!
The two-headed ogre hits you with a +0 giant club!!
Ouch! That really hurt!
You die...

#.. #.#
#.# #.# #
#.# ...
#.#
.....##.#
......O@#
....?####
... .


You could see a two-headed ogre.

Vanquished Creatures
  A howler monkey (D:3)
  3 gnolls (D:2)
  4 adders (D:2)
  An ooze (D:1)
  3 worms
  6 dart slugs
  3 leopard geckos
  3 orcs (D:3)
  A ball python (D:3)
  3 giant cockroaches
  6 goblins
  7 hobgoblins
  3 jackals (D:3)
  6 bats
  3 frilled lizards
  A kobold (D:2)
  9 rats
63 creatures vanquished.

Notes
Turn   | Place    | Note
-------+----------+-------------------------------------------
     0 | D:1      | MalarOregon the Ghoul Gladiator began the quest for the
                  | Orb.
     0 | D:1      | Reached XP level 1. HP: 17/17 MP: 0/0
    43 | D:1      | Found a snail-covered altar of Cheibriados.
   240 | D:1      | Reached XP level 2. HP: 22/24 MP: 1/1
   246 | D:1      | Reached skill level 4 in Unarmed Combat
   598 | D:1      | Reached XP level 3. HP: 29/29 MP: 2/2
   932 | D:2      | Reached skill level 5 in Unarmed Combat
   985 | D:2      | Reached XP level 4. HP: 26/36 MP: 3/3
  1295 | D:2      | Reached skill level 6 in Unarmed Combat
  1304 | D:2      | Reached XP level 5. HP: 31/41 MP: 4/4
  2063 | D:4      | Noticed a two-headed ogre
  2080 | D:4      | Slain by a two-headed ogre

Skill      XL: |  1  2  3  4 |
---------------+-------------+-----
Unarmed Combat | 4 5 6 |  6.8
Fighting       | |  2.1
Throwing       | |  1.7
Dodging        | |  2.6

Action                   |  1- 3 |  4- 6 || total
-------------------------+-------+-------++-------
Melee: Unarmed           |    81 |   106 ||   187
       Punch             |     1 |     7 ||     8
Throw: Throwing net      |       |     3 ||     3
  Use: Potion            |       |     1 ||     1
  Eat: Chunk             |     8 |     7 ||    15
Armor: Leather armour    |    15 |    19 ||    34
Dodge: Dodged            |    52 |    70 ||   122
